 Dungeon Crawl Stone Soup version 0.29.0-4-gdea44cf6ec (webtiles) character file.

Game seed: 5470555876039624504

182 qw the Chopper (level 5, -2/30 HPs)
             Began as a Tengu Warper on Aug 29, 2022.
             Slain by a water moccasin (7 damage)
             ... in a sewer.
             The game lasted 00:00:24 (3422 turns).

qw the Chopper (Tengu Warper)                       Turns: 3422, Time: 00:00:24

Health: -2/30      AC: 10    Str: 19    XL:     5   Next: 62%
Magic:  9/9        EV:  7    Int: 13    God:
Gold:   130        SH:  0    Dex: 14    Spells: 8/8 levels left

rFire   . . .      SeeInvis .   Y - +0 hand axe
rCold   . . .      Faith    .   (no shield)
rNeg    . . .      Spirit   .   d - +0 plate armour
rPois   .          Reflect  .   (helmet restricted)
rElec   .          Harm     .   (no cloak)
rCorr   .          Rampage  .   (no gloves)
Will    .....                   (boots unavailable)
Stlth   ..........              (no amulet)
HPRegen 0.10/turn               a - +6 ring of strength
MPRegen 0.11/turn               (no ring)

@: lethally poisoned (-2 -> -7), flying quickly and evasively, quick
A: beak, talons 3, nimble flight
a: no special abilities


You were in a sewer.
You visited 1 branch of the dungeon, and saw 4 of its levels.
You also visited: Sewer.

You collected 130 gold pieces.


Innate Abilities, Weirdness & Mutations

You have a beak for a mouth.
You have claws for feet.
Your magical nature lets you fly swiftly and evasively.


   Skills:
 - Level 2.0 Fighting
 - Level 6.2 Axes
 - Level 1.0 Throwing
 + Level 1.3 Armour
 - Level 2.1 Dodging
 - Level 2.0 Spellcasting
 - Level 2.4 Translocations


You had 8 spell levels left.
You didn't know any spells.
Your spell library contained the following spells:

 Spells                   Type           Power      Damage    Failure   Level
 Blink                    Tloc           14%        N/A       99%         2
 Gell's Gravitas          Tloc           7%         N/A       100%        3
 Lesser Beckoning         Tloc           7%         N/A       100%        3
 Teleport Other           Tloc           7%         N/A       100%        3
 Manifold Assault         Tloc           7%         N/A       100%        5

Inventory:

Hand Weapons
 k - a +0 flail
 Y - a +0 hand axe (weapon)
Armour
 d - a +0 plate armour (worn)
Jewellery
 a - a +6 ring of strength (left hand)
Scrolls
 b - a scroll of identify
Potions
 e - a potion of curing {unknown}
 f - a potion of berserk rage {unknown}
 g - a potion of might {unknown}
 h - a potion of magic {unknown}
 j - a potion of attraction {unknown}

Dungeon Overview and Level Annotations

Branches:
Dungeon (4/15)              Sewer (1/1)
 Temple: D:4-7

Altars:


Message History

The bat hits you but does no damage. The bat hits you but does no damage.
The bat hits you but does no damage. The bat hits you but does no damage.
The bat hits you but does no damage. x2
You hit the bat.
You kill the bat!
You see here a bat corpse.
Found a gate leading back out of this place.
A water moccasin comes into view.
The water moccasin hisses angrily.
The water moccasin bites you but does no damage.
You hit the water moccasin.
The water moccasin is lightly wounded.
The water moccasin completely misses you.
You hit the water moccasin.
The water moccasin is moderately wounded.
The water moccasin bites you but does no damage.
The water moccasin bites you.
You are poisoned.
The water moccasin poisons you!
You barely miss the water moccasin. Your peck misses the water moccasin.
The water moccasin is moderately wounded.
You feel very sick.
The water moccasin bites you but does no damage.
You hit the water moccasin.
The water moccasin is heavily wounded.
You feel very sick. The water moccasin barely misses you.
You closely miss the water moccasin.
The water moccasin is heavily wounded.
You feel sick. The water moccasin closely misses you.
The water moccasin completely misses you.
You closely miss the water moccasin. Your kick misses the water moccasin.
The water moccasin is heavily wounded.
You feel sick. The water moccasin bites you.
You barely miss the water moccasin.
The water moccasin is heavily wounded.
You feel sick. The water moccasin bites you!
You die...

..... ... ... ...
####### #.#
##.....## #!#
#...~...## #S#
.%.~~~...#######@#
\%~~~~~..........#
...~~~...#######.#
#...~...## #.#
##.....## #.#
####### #.# #.#
#.# #\#


You could see a water moccasin.

Vanquished Creatures
  Natasha (thrice) (D:2)
  An adder (D:4)
  A river rat (D:4)
  2 worms (D:4)
  2 dart slugs
  An orc (D:3)
  6 ball pythons
  5 endoplasms
  3 giant cockroaches
  7 hobgoblins
  5 jackals (D:3)
  8 kobolds
  5 quokkas
  15 bats
  5 frilled lizards
  4 goblins
  5 rats
78 creatures vanquished.

Notes
Turn   | Place    | Note
-------+----------+-------------------------------------------
     0 | D:1      | qw the Tengu Warper began the quest for the Orb.
     0 | D:1      | Reached XP level 1. HP: 12/12 MP: 4/4
     0 | D:1      | 0 ||| qw: Version: 0.1-a-89-g26bdef1
     0 | D:1      | 0 ||| qw: Game counter: 3564
     0 | D:1      | 0 ||| qw: Always use a shield: true
     0 | D:1      | 0 ||| qw: God list: Okawaru
     0 | D:1      | 0 ||| qw: Allow faded altars: false
     0 | D:1      | 0 ||| qw: Do Orc after D:15 true
     0 | D:1      | 0 ||| qw: Do second Lair branch before Depths: true
     0 | D:1      | 0 ||| qw: Lair rune preference: random
     0 | D:1      | 0 ||| qw: Plans: Normal
     0 | D:1      | 0 ||| PLANNING D:1-11
    87 | D:1      | Noticed a shining eye
    88 | D:1      | Found a faded altar of an unknown god.
    89 | D:1      | 89 ||| Stepping ~*~*~tactically~*~*~ (stealth).
    92 | D:1      | Noticed an eye of devastation
    95 | D:1      | 95 ||| Stepping ~*~*~tactically~*~*~ (stealth).
    98 | D:1      | 98 ||| Stepping ~*~*~tactically~*~*~ (stealth).
    99 | D:1      | 99 ||| Stepping ~*~*~tactically~*~*~ (stealth).
   112 | D:1      | 112 ||| Stepping ~*~*~tactically~*~*~ (stealth).
   114 | D:1      | 114 ||| Stepping ~*~*~tactically~*~*~ (stealth).
   115 | D:1      | 115 ||| Stepping ~*~*~tactically~*~*~ (stealth).
   124 | D:1      | Reached XP level 2. HP: 14/17 MP: 6/6
   181 | D:1      | Noticed a floating eye
   186 | D:1      | Noticed a shining eye
   195 | D:1      | 195 ||| Stepping ~*~*~tactically~*~*~ (hiding).
   199 | D:1      | Reached skill level 3 in Axes
   310 | D:1      | 310 ||| Stepping ~*~*~tactically~*~*~ (stealth).
   315 | D:1      | 315 ||| Stepping ~*~*~tactically~*~*~ (stealth).
   319 | D:1      | 319 ||| Stepping ~*~*~tactically~*~*~ (stealth).
   502 | D:1      | Reached XP level 3. HP: 21/21 MP: 7/7
   588 | D:1      | 588 ||| Stepping ~*~*~tactically~*~*~ (stealth).
   629 | D:1      | 629 ||| DRINKING 2 amethyst potions.
   872 | D:1      | 872 ||| DROPPING scroll of blinking.
   873 | D:1      | 873 ||| DROPPING potion of brilliance.
   942 | D:2      | Reached skill level 4 in Axes
  1224 | D:2      | 1224 ||| Stepping ~*~*~tactically~*~*~ (stealth).
  1257 | D:2      | Noticed Natasha
  1258 | D:2      | 1258 ||| Stepping ~*~*~tactically~*~*~ (hiding).
  1322 | D:2      | 1322 ||| Stepping ~*~*~tactically~*~*~ (hiding).
  1327 | D:2      | Killed Natasha
  1328 | D:2      | Reached XP level 4. HP: 8/26 MP: 8/8
  1331 | D:2      | Noticed Natasha
  1332 | D:2      | 1332 ||| FLEEEEING.
  1337 | D:2      | 1337 ||| FLEEEEING.
  1338 | D:2      | 1338 ||| FLEEEEING.
  1341 | D:2      | 1341 ||| FLEEEEING.
  1342 | D:2      | 1342 ||| STAIRDANCE
  1342 | D:2      | HP: 2/26 [Natasha/puff of flame (6)]
  1640 | D:1      | 1640 ||| UPGRADING to +0 ring mail.
  1650 | D:1      | 1650 ||| DROPPING +0 leather armour.
  1651 | D:1      | 1651 ||| READING scroll labelled GOKLAU ZYG QOF.
  1652 | D:1      | 1652 ||| READING scroll labelled UFFEFAPNIA.
  1653 | D:1      | 1653 ||| DRINKING 2 fuming orange potions.
  1685 | D:1      | 1685 ||| DROPPING potion of lignification.
  1688 | D:2      | 1688 ||| STAIRDANCE
  1726 | D:2      | HP: 3/26 [Natasha/magic dart (7)]
  1728 | D:2      | Killed Natasha
  1729 | D:2      | Reached skill level 5 in Axes
  2158 | D:2      | Noticed Natasha
  2164 | D:2      | HP: 6/26 [Natasha/puff of flame (8)]
  2169 | D:2      | Killed Natasha
  2170 | D:2      | Gained mutation: Your magical nature lets you fly swiftly
                  | and evasively. [Tengu growth]
  2170 | D:2      | Reached XP level 5. HP: 3/30 MP: 9/9
  2581 | D:3      | 2581 ||| FLEEEEING.
  2676 | D:3      | 2676 ||| DROPPING +0 mace.
  3131 | D:3      | 3131 ||| UPGRADING to +6 ring of strength.
  3132 | D:3      | 3132 ||| READING scroll labelled XAOVVO FOFUMAO.
  3142 | D:4      | 3142 ||| PLANNING SEWER
  3176 | D:4      | 3176 ||| Stepping ~*~*~tactically~*~*~ (stealth).
  3228 | D:4      | Reached skill level 6 in Axes
  3361 | D:4      | Found a glowing drain.
  3362 | D:4      | 3362 ||| UPGRADING to +0 plate armour.
  3372 | D:4      | 3372 ||| DROPPING +0 ring mail.
  3378 | Sewer    | Entered a sewer
  3411 | Sewer    | Noticed a water moccasin
  3421 | Sewer    | HP: 7/30 [water moccasin (5)]
  3422 | Sewer    | Slain by a water moccasin

Levels and vault maps discovered:
D:1:      roderic_crop_circles_arrival_small, layout_basic,
          hellmonk_ecumenical_altar_watching_god
D:2:      layout_rooms, uniq_natasha
D:3:      layout_basic
D:4:      layout_loops_ring, nicolae_qazlal_eye_of_the_storm,
          lightli_sewer_entry_pipes
Sewer:    sewer_big_baddie

Skill      XL: |  1  2  3  4  5 |
---------------+----------------+-----
Axes           | 3 4 5 6 |  6.2
Fighting       | |  2.0
Throwing       | |  1.0
Armour         | |  1.3
Dodging        | |  2.1
Spellcasting   | |  2.0
Translocations | |  2.4

Action                   |  1- 3 |  4- 6 || total
-------------------------+-------+-------++-------
Melee: Hand axe          |    74 |   103 ||   177
       Kick              |    18 |    26 ||    44
       Peck              |     6 |    14 ||    20
Throw: Boomerang         |     7 |       ||     7
  Use: Potion            |     1 |     1 ||     2
       Scroll            |       |     3 ||     3
Armor: Leather armour    |    20 |       ||    20
       Ring mail         |       |    13 ||    13
       Plate armour      |       |    28 ||    28
Dodge: Dodged            |    38 |    51 ||    89

Table legend:
 A = Non-vault XP
 B = Vault XP
 C = Vault XP percentage of total XP
 D = Non-vault monster count
 E = Vault monster count
 F = Vault count percentage of total count
                 A         B        C        D         E       F
            +---------+---------+-------+---------+---------+-------
      Total |     180 |      81 |  31.0 |      65 |      13 |  16.7
            +---------+---------+-------+---------+---------+-------
        D:1 |      41 |       0 |   0.0 |      23 |       0 |   0.0
        D:2 |      94 |      35 |  27.1 |      16 |       1 |   5.9
        D:3 |      41 |       0 |   0.0 |      24 |       0 |   0.0
        D:4 |       4 |      37 |  90.2 |       2 |       5 |  71.4
      Sewer |       0 |       9 | 100.0 |       0 |       7 | 100.0
            +---------+---------+-------+---------+---------+-------
